[Event "Late Titled Tuesday Blitz February 8 2022"]
[White "Wieczorek, Oskar"]
[Black "Sarana, Alexey"]
[WhiteFideId "1133950"]
[BlackFideId "24133795"]
[WhiteElo "2319"]
[BlackElo "2665"]
[Result "0-1"]
[Round "02"]
[TimeControl "180+1"]
[Date "2022.02.08"]
[WhiteClock "0:00:02"]
[BlackClock "0:00:13"]

1. e4 c5 2. Nf3 d6 3. d4 cxd4 4. Nxd4 Nf6 5. Nc3 a6 6. h4 e5 7. Nb3 Be7 8. Bg5 Be6 9. Bxf6 Bxf6 10. g3 Nc6 11. Qd2 O-O 12. O-O-O a5 13. Qxd6 Qb6 14. Qc5 Qb4 15. a3 Qxc5 16. Nxc5 Nd4 17. Nxe6 fxe6 18. Nb5 Rac8 19. Nxd4 exd4 20. f4 e5 21. Bd3 Rc5 22. f5 h5 23. Be2 Rfc8 24. Rd2 b5 25. Bxh5 b4 26. axb4 axb4 27. Kd1 b3 28. Rhh2 Bd8 29. g4 Ba5 30. Rdg2 Bb4 31. g5 Ra8 32. cxb3 Ra1+ 33. Ke2 Re1+ 34. Kf3 Re3+ 35. Kg4 Rxe4+ 36. Kh3 d3 37. Rg3 Rd4 38. Bd1 Rc1 39. Rh1 e4 40. Rg4 d2 41. h5 Bd6 42. g6 Rd3+ 43. Kg2 Re3 44. Kf2 Bc5 45. Kg2 Re1 46. f6 Rxh1 47. f7+ Kf8 48. Rxe4 Rg1+ 49. Kf3 Re1 50. Ra4 Re3+ 51. Kf4 Re8 52. fxe8=Q+ Kxe8 53. Ra8+ Ke7 54. Rc8 Rxd1 55. Rxc5 Rf1+ 0-1


[Site "https://www.chess.com"]

[Event "Late Titled Tuesday Blitz February 8 2022"]
[White "Wu, Christopher"]
[Black "Paravyan, David"]
[WhiteFideId "2040875"]
[BlackFideId "4194985"]
[WhiteElo "2654"]
[BlackElo "2569"]
[Result "0-1"]
[Round "02"]
[TimeControl "180+1"]
[Date "2022.02.08"]
[WhiteClock "0:00:17"]
[BlackClock "0:00:32"]

1. d4 Nf6 2. c4 g6 3. Nc3 d5 4. cxd5 Nxd5 5. g3 Bg7 6. Bg2 Nxc3 7. bxc3 c5 8. Nf3 Nc6 9. Be3 O-O 10. O-O Be6 11. Qa4 cxd4 12. cxd4 Bd5 13. Rfd1 a6 14. Rac1 b5 15. Qa3 Qa5 16. Qxa5 Nxa5 17. Rc5 e6 18. Nd2 Bxg2 19. Kxg2 Rfc8 20. Rdc1 Rxc5 21. dxc5 Nc6 22. Ne4 Rd8 23. Nd6 Bf8 24. Ne4 Be7 25. h3 f6 26. g4 Kf7 27. f3 e5 28. Kf2 Ke6 29. f4 exf4 30. Bxf4 Rd4 31. Ke3 Ra4 32. Rc2 Ra3+ 33. Kf2 Rxh3 34. Bd6 f5 35. gxf5+ gxf5 36. Ng3 Bxd6 37. cxd6 Ne5 38. Rd2 Rh2+ 39. Kg1 Nf3+ 40. exf3 Rxd2 0-1


[Site "https://www.chess.com"]

[Event "Late Titled Tuesday Blitz February 8 2022"]
[White "Xie, Bryan"]
[Black "Milosevic, Milos"]
[WhiteFideId "30941296"]
[BlackFideId "964875"]
[WhiteElo "1899"]
[BlackElo "2198"]
[Result "1-0"]
[Round "02"]
[TimeControl "180+1"]
[Date "2022.02.09"]
[WhiteClock "0:00:08"]
[BlackClock "0:00:01"]

1. d4 d5 2. Nf3 Nf6 3. Bf4 c5 4. e3 Nc6 5. Nbd2 Nh5 6. Bg5 h6 7. Bh4 g5 8. Bg3 Bg7 9. c3 Nxg3 10. hxg3 Bf5 11. Be2 Qb6 12. Qb3 c4 13. Qa3 e6 14. b3 cxb3 15. axb3 Rc8 16. O-O Bf8 17. Qa4 Be7 18. c4 h5 19. cxd5 exd5 20. Rfc1 h4 21. gxh4 gxh4 22. Ne5 h3 23. Nxc6 bxc6 24. Qxa7 Qb4 25. Nf1 hxg2 26. Ng3 Be6 27. Ra6 Bd6 28. Raxc6 Rxc6 29. Rxc6 Qe1+ 30. Kxg2 Bxg3 31. Qa8+ Ke7 32. Rxe6+ fxe6 33. Qxh8 Qxf2+ 34. Kh1 Qe1+ 35. Kg2 Qf2+ 36. Kh1 Qxe2 37. Qg7+ Kd8 38. Qxg3 Qf1+ 39. Kh2 Qe2+ 40. Kh3 Qd3 41. b4 Qd1 42. Qd6+ Kc8 43. Qxe6+ Kb8 44. Qe5+ Ka7 45. Qc7+ Ka6 46. Qc6+ Ka7 47. Qc7+ Ka8 48. Qa5+ Kb8 49. Qb5+ Kc8 50. Qc6+ Kb8 51. Qd6+ Ka7 52. Qc5+ Kb8 53. Qf8+ Ka7 54. Qf7+ Kb8 55. Qf4+ Ka7 56. Kh4 Kb6 57. Kg5 Ka7 58. Kf5 1-0


[Site "https://www.chess.com"]

[Event "Late Titled Tuesday Blitz February 8 2022"]
[White "Zarubitski, Viachaslau"]
[Black "Gurevich, Dmitry"]
[WhiteFideId "13509373"]
[BlackFideId "2000407"]
[WhiteElo "2325"]
[BlackElo "2506"]
[Result "1-0"]
[Round "02"]
[TimeControl "180+1"]
[Date "2022.02.08"]
[WhiteClock "0:00:05"]
[BlackClock "0:00:01"]

1. g3 d5 2. Bg2 c6 3. Nf3 Nf6 4. O-O Bf5 5. b3 h6 6. Bb2 e6 7. d3 Be7 8. Nbd2 O-O 9. Qe1 a5 10. e4 Bh7 11. a3 Na6 12. Ne5 Nc5 13. Kh1 Nfd7 14. Nxd7 Qxd7 15. f4 Rfd8 16. Rd1 Bf8 17. Qe2 Qc7 18. Qg4 dxe4 19. Nxe4 Nxe4 20. dxe4 Rxd1 21. Rxd1 Rd8 22. a4 f5 23. Qe2 Rxd1+ 24. Qxd1 fxe4 25. Qe2 Qd6 26. Bxe4 Bxe4+ 27. Qxe4 Qd5 28. Qxd5 exd5 29. Bc3 b6 30. Bd4 b5 31. Bc3 b4 32. Be5 Kf7 33. Bc7 Ke6 34. Bxa5 Kd7 35. c3 bxc3 36. Bxc3 c5 37. Kg2 Kc6 38. Kf3 g6 39. Bd2 h5 40. Ke3 Bg7 41. Kd3 Kb6 42. h3 Kc6 43. g4 hxg4 44. hxg4 Bf6 45. Bc3 Bh4 46. Be5 Bg3 47. Ke3 Be1 48. Bb2 Ba5 49. Bf6 Bb6 50. Kd3 Ba5 51. f5 gxf5 52. gxf5 Kd6 53. Bg7 Bd8 54. Bc3 Bh4 55. Bb2 Be1 56. Bc3 Bf2 57. a5 Bh4 58. a6 Kc6 59. Ba5 Bf6 60. a7 Kb7 61. Bb6 c4+ 62. bxc4 dxc4+ 63. Kxc4 Bh4 64. Bd4 Bg5 65. Kd5 Bh4 66. Ke6 Bg5 67. Kf7 Bh4 68. Kg6 Bd8 69. Bf6 Bb6 70. Be5 Bd8 71. Bf6 Bc7 72. Bd4 Bd8 73. Kf7 Bh4 74. Bf6 1-0


[Site "https://www.chess.com"]

[Event "Late Titled Tuesday Blitz February 8 2022"]
[White "Zhou, Qiyu"]
[Black "Goltsev, Dmitry"]
[WhiteFideId "505161"]
[BlackFideId "24176710"]
[WhiteElo "1925"]
[BlackElo "2273"]
[Result "0-1"]
[Round "02"]
[TimeControl "180+1"]
[Date "2022.02.09"]
[WhiteClock "0:00:02"]
[BlackClock "0:00:07"]

1. e4 e6 2. d4 d5 3. Nc3 Nf6 4. Bg5 dxe4 5. Nxe4 Be7 6. Bxf6 gxf6 7. Nf3 f5 8. Ng3 b6 9. Qd2 Bb7 10. O-O-O Nd7 11. Bb5 c6 12. Be2 Nf6 13. Kb1 Qd5 14. Ne5 Rd8 15. Bf3 Ne4 16. Qf4 Bg5 17. Qxg5 Nxg5 18. Bxd5 Rxd5 19. Rhe1 Rg8 20. f3 h6 21. Nh5 Ke7 22. Nf4 Rdd8 23. c4 Rd6 24. Kc2 Rgd8 25. Ne2 c5 26. dxc5 bxc5 27. Rxd6 Rxd6 28. Nd3 Rc6 29. Nc3 Rc8 30. Rd1 Nh7 31. Na4 Rg8 32. Rd2 Nf6 33. Naxc5 Ba8 34. b4 h5 35. Kb3 h4 36. h3 Nh5 37. Na6 Bb7 38. Nac5 Ba8 39. b5 Ng3 40. Nf4 e5 41. Nd5+ Bxd5 42. Rxd5 e4 43. Rd7+ Kf6 44. fxe4 fxe4 45. Rxa7 e3 46. Rd7 Nf5 47. Rd1 Rxg2 48. b6 e2 49. Re1 Nd4+ 50. Kc3 Nf3 51. b7 Nxe1 52. b8=Q Nf3 53. Qd6+ Kg7 54. Qe7 e1=Q+ 55. Qxe1 Nxe1 56. Nd3 0-1


[Site "https://www.chess.com"]

[Event "Late Titled Tuesday Blitz February 8 2022"]
[White "Zivkovic, Nemanja"]
[Black "Indjic, Aleksandar"]
[WhiteFideId "942154"]
[BlackFideId "911925"]
[WhiteElo "2388"]
[BlackElo "2616"]
[Result "1-0"]
[Round "02"]
[TimeControl "180+1"]
[Date "2022.02.08"]
[WhiteClock "0:00:13"]
[BlackClock "0:00:02"]

1. e4 c5 2. Nf3 Nc6 3. Bb5 g6 4. c3 Nf6 5. Qe2 Bg7 6. O-O a6 7. Ba4 O-O 8. h3 b5 9. Bc2 d6 10. d3 Bb7 11. Nbd2 e5 12. a4 h6 13. Re1 Re8 14. Nf1 d5 15. Ng3 d4 16. cxd4 cxd4 17. Bd2 Qd6 18. Bb3 Nd7 19. Rec1 Nc5 20. Bd5 Nxa4 21. Nh4 Rac8 22. Qg4 Re6 23. Ngf5 gxf5 24. Nxf5 Qf8 25. Bxh6 Rxh6 26. Nxh6+ Kh7 27. Nxf7 Bh6 28. Qf5+ Kg7 29. Qg4+ Kh7 30. Rc2 Nb6 31. Nxh6 Qxh6 32. Bxc6 Bxc6 33. Rxa6 Bd7 34. Qd1 Rb8 35. Ra7 Kg8 36. Rcc7 Be6 37. Qf3 Qg6 38. Rg7+ Qxg7 39. Rxg7+ Kxg7 40. Qg3+ Kf6 41. f4 Nd7 42. f5 Bb3 43. Qg6+ Ke7 44. Qg7+ Kd6 45. g4 Rc8 46. g5 Bc2 47. g6 Bxd3 48. f6 Bxe4 49. f7 Rc1+ 50. Kf2 Rc2+ 51. Kg3 Rc8 52. h4 d3 53. Qh6 Kd5 54. h5 Rc2 55. g7 d2 56. g8=Q d1=Q 57. f8=Q+ 1-0


[Site "https://www.chess.com"]

[Event "Late Titled Tuesday Blitz February 8 2022"]
[White "volunteers1998"]
[Black "Bernadskiy, Vitaliy"]
[BlackFideId "14100371"]
[WhiteElo "2232"]
[BlackElo "2473"]
[Result "0-1"]
[Round "02"]
[TimeControl "180+1"]
[Date "2022.02.09"]
[WhiteClock "0:00:09"]
[BlackClock "0:00:13"]

1. e4 e6 2. Nf3 d5 3. Nc3 Nf6 4. e5 Nfd7 5. d4 c5 6. dxc5 Nc6 7. Bf4 Nxc5 8. Bd3 Be7 9. O-O O-O 10. Re1 a6 11. a4 b6 12. Ne2 Nxd3 13. Qxd3 a5 14. Ned4 Nxd4 15. Nxd4 Bd7 16. c3 Rc8 17. Re3 Bg5 18. Bxg5 Qxg5 19. b3 Rc7 20. Rae1 Rfc8 21. Rg3 Qh6 22. Qe3 Qxe3 23. Rexe3 Rc5 24. Kf1 b5 25. Nxb5 Bxb5+ 26. axb5 Rxb5 27. c4 dxc4 28. bxc4 Rxc4 29. Rd3 Rc1+ 30. Ke2 Rxe5+ 31. Kd2 Rc8 32. Ra3 Rd8+ 33. Rgd3 Rxd3+ 34. Kxd3 g5 35. Kd4 Rd5+ 36. Ke4 Kg7 37. f4 g4 38. g3 h5 39. Ra1 Rb5 40. Ra2 Kf6 41. Kd4 Kf5 42. Kd3 f6 43. Ke3 Rd5 44. Ra4 e5 45. fxe5 fxe5 46. Ra2 e4 47. Ra4 Rb5 48. Ra2 Ke5 49. Ra4 Rb3+ 50. Kf2 Rb2+ 51. Ke3 Rb3+ 52. Kf2 Rb5 53. Ke3 Kd5 54. Rd4+ Kc5 55. Rxe4 Rb3+ 56. Kf4 Rb4 57. Rxb4 axb4 58. Kg5 b3 59. Kxh5 b2 60. Kxg4 b1=Q 0-1


[Site "https://www.chess.com"]

[Event "Late Titled Tuesday Blitz February 8 2022"]
[White "yondaymebr"]
[Black "Myers, Dominique"]
[BlackFideId "2041715"]
[WhiteElo "2530"]
[BlackElo "1986"]
[Result "1-0"]
[Round "02"]
[TimeControl "180+1"]
[Date "2022.02.09"]
[WhiteClock "0:01:21"]
[BlackClock "0:00:22"]

1. c4 Nf6 2. Nc3 g6 3. e4 Bg7 4. g3 O-O 5. Bg2 e5 6. d3 d6 7. Nge2 Nc6 8. O-O Be6 9. h3 h6 10. Be3 Qd7 11. Kh2 a6 12. f4 Nh7 13. Qd2 exf4 14. Nxf4 f5 15. Nxe6 Qxe6 16. exf5 Rxf5 17. Bd5 Rxd5 18. cxd5 Bxc3 19. dxe6 Bxd2 20. Bxd2 Re8 21. Rae1 g5 22. Rf7 Nf8 23. Rxc7 Nxe6 24. Rxb7 Ncd4 25. Kg2 Rf8 26. Bc3 Nc5 27. Ra7 Nxd3 28. Rf1 Rxf1 29. Kxf1 Nf5 30. Rxa6 Nxg3+ 31. Kg2 Ne4 32. a4 Ndc5 33. Ra7 d5 34. a5 Ne6 35. a6 d4 36. Bxd4 Nxd4 37. Re7 Nf6 38. a7 Kf8 39. Rb7 Ne6 40. a8=Q+ Ne8 41. Rb8 Ng7 42. Qb7 h5 43. Qxg7+ 1-0


[Site "https://www.chess.com"]

[Event "Late Titled Tuesday Blitz February 8 2022"]
[White "Aaditya Dhingra"]
[Black "Brunner, Nicolas"]
[WhiteFideId "25678191"]
[BlackFideId "620246"]
[WhiteElo "1789"]
[BlackElo "2372"]
[Result "1-0"]
[Round "03"]
[TimeControl "180+1"]
[Date "2022.02.09"]
[WhiteClock "0:00:23"]
[BlackClock "0:01:26"]

1. e4 e5 2. Nf3 Nc6 3. Bb5 a6 4. Bxc6 dxc6 5. O-O Bg4 6. h3 h5 7. d3 Qf6 8. Nbd2 g5 9. Nc4 Bxf3 10. Qxf3 Qxf3 11. gxf3 f6 12. h4 gxh4 13. Kh2 Bh6 14. Bxh6 Rxh6 15. Rg1 Kf7 16. Rg2 Ne7 17. Rag1 Rg6 18. Na5 Rxg2+ 19. Rxg2 b6 20. Nc4 Rg8 21. Ne3 Rxg2+ 22. Nxg2 Ng6 23. Kh3 Kg7 24. Nxh4 Nxh4 25. Kxh4 Kg6 26. c3 c5 27. f4 exf4 28. f3 Kh6 29. d4 c4 30. e5 fxe5 31. dxe5 Kg6 32. e6 Kf6 33. e7 Kxe7 34. Kxh5 Kf6 35. Kg4 Ke5 36. Kg5 b5 37. Kg4 a5 38. a3 c5 39. Kg5 b4 40. Kg4 b3 41. a4 Ke6 42. Kxf4 Kf6 43. Ke4 Ke6 44. f4 Kf6 45. Kd5 Kf5 46. Kxc4 Kxf4 47. Kxc5 Ke3 48. Kc4 1-0


[Site "https://www.chess.com"]

[Event "Late Titled Tuesday Blitz February 8 2022"]
[White "Adewumi, Tanitoluwa"]
[Black "Velikanov, Alexander"]
[WhiteFideId "30966396"]
[BlackFideId "2039290"]
[WhiteElo "2445"]
[BlackElo "2259"]
[Result "0-1"]
[Round "03"]
[TimeControl "180+1"]
[Date "2022.02.09"]
[WhiteClock "0:00:12"]
[BlackClock "0:00:46"]

1. b3 b6 2. Bb2 Bb7 3. e3 e6 4. Nf3 Nf6 5. c4 g6 6. d4 Bg7 7. Nbd2 Ne4 8. Nxe4 Bxe4 9. Bd3 Bxd3 10. Qxd3 O-O 11. O-O d6 12. e4 Nd7 13. Rad1 c6 14. e5 Qc7 15. Ba3 c5 16. dxc5 Nxc5 17. Qxd6 Rfc8 18. Rfe1 Bf8 19. Qxc7 Rxc7 20. Nd4 Rd7 21. Nc6 Rc7 22. Nd4 Rd7 23. Nb5 Rad8 24. Rxd7 Rxd7 25. Bxc5 Bxc5 26. Nd6 Bd4 27. Ne8 Bxe5 28. g3 Bh8 29. c5 bxc5 30. Rc1 Kf8 31. Rxc5 Kxe8 32. Rc8+ Rd8 33. Rc7 Bd4 0-1


[Site "https://www.chess.com"]

[Event "Late Titled Tuesday Blitz February 8 2022"]
[White "Andreikin, Dmitry"]
[Black "Smirnov, Pavel"]
[WhiteFideId "4158814"]
[BlackFideId "4123425"]
[WhiteElo "2736"]
[BlackElo "2571"]
[Result "1-0"]
[Round "03"]
[TimeControl "180+1"]
[Date "2022.02.08"]
[WhiteClock "0:00:51"]
[BlackClock "0:00:07"]

1. d4 Nf6 2. c4 e6 3. Nf3 d5 4. Nc3 c6 5. g3 Be7 6. Bg2 O-O 7. O-O Nbd7 8. b3 b6 9. Bb2 Ba6 10. Nd2 b5 11. c5 b4 12. Na4 Bb5 13. Re1 Qc7 14. Rc1 Rfe8 15. f4 a5 16. e3 Bf8 17. Ba1 g6 18. g4 h5 19. h3 hxg4 20. hxg4 Be7 21. Nb2 Kg7 22. Nbc4 dxc4 23. bxc4 Ba6 24. g5 Rh8 25. Qf3 Rh4 26. Qxc6 Qxc6 27. Bxc6 Rah8 28. Nf3 Rh3 29. Kg2 Nb8 30. d5 Nxc6 31. dxc6 a4 32. Red1 Bc8 33. Rd7 Bxd7 34. cxd7 Ra8 35. Kxh3 1-0


[Site "https://www.chess.com"]

[Event "Late Titled Tuesday Blitz February 8 2022"]
[White "Andrews, Todd"]
[Black "Baker, Chris W"]
[WhiteFideId "2012456"]
[BlackFideId "401676"]
[WhiteElo "2444"]
[BlackElo "2130"]
[Result "0-1"]
[Round "03"]
[TimeControl "180+1"]
[Date "2022.02.09"]
[WhiteClock "0:00:13"]
[BlackClock "0:00:08"]

1. e4 e5 2. Nf3 Nc6 3. Bb5 a6 4. Ba4 Nf6 5. O-O Be7 6. Re1 b5 7. Bb3 O-O 8. c3 d6 9. h3 Na5 10. Bc2 c5 11. d4 Qc7 12. Nbd2 Be6 13. d5 Bd7 14. Nf1 c4 15. Ng3 Rfe8 16. Nh4 Nxd5 17. exd5 Bxh4 18. Bxh7+ Kxh7 19. Qh5+ Kg8 20. Qxh4 Qd8 21. Bg5 f6 22. Bd2 Nb7 23. Nh5 Qe7 24. Rad1 Qf7 25. Re3 Bf5 26. Rf3 Bg6 27. Nxf6+ gxf6 28. Rxf6 Qh7 29. Bh6 Rf8 30. Re6 Nd8 31. Re7 Nf7 32. Qf6 Qxh6 33. Re1 Rae8 34. Re3 Rxe7 35. Qxe7 Ng5 36. Rg3 Rf5 37. Qxd6 Kh7 38. h4 Nf7 39. Qe7 Qc1+ 40. Kh2 Qf4 41. Kh3 Rh5 42. d6 Bf5+ 43. Kh2 Rxh4+ 44. Qxh4+ Qxh4+ 45. Kg1 Bg6 46. d7 Qd8 47. Rh3+ Kg7 48. Re3 Qxd7 49. f3 Qd2 0-1


[Site "https://www.chess.com"]

[Event "Late Titled Tuesday Blitz February 8 2022"]
[White "Aradhya, Garg"]
[Black "Vargas Pereda, Jesus Manue"]
[WhiteFideId "25006746"]
[BlackFideId "5115710"]
[WhiteElo "2169"]
[BlackElo "1748"]
[Result "1-0"]
[Round "03"]
[TimeControl "180+1"]
[Date "2022.02.09"]
[WhiteClock "0:00:41"]
[BlackClock "0:00:05"]

1. d4 d5 2. c4 c6 3. Nc3 e5 4. dxe5 d4 5. Ne4 Qa5+ 6. Nd2 Qxe5 7. Ngf3 Qd6 8. g3 g6 9. Bg2 Bg7 10. Ne4 Qe7 11. Nxd4 Nf6 12. Nc3 O-O 13. e3 c5 14. Nde2 Nc6 15. O-O Be6 16. Nd5 Qd7 17. Nec3 Rad8 18. Qa4 Bh3 19. Nxf6+ Bxf6 20. Nd5 Bg7 21. Rb1 Bxg2 22. Kxg2 Qg4 23. Qc2 Ne5 24. f3 Qxc4 25. Qxc4 Nxc4 26. e4 b6 27. Bg5 Rxd5 28. exd5 Nxb2 29. Be7 Re8 30. d6 Nc4 31. d7 Ra8 32. Rfe1 Bf8 33. d8=Q 1-0


[Site "https://www.chess.com"]

[Event "Late Titled Tuesday Blitz February 8 2022"]
[White "Araujo, Everson De Moura"]
[Black "Aggelis, Nikolaos"]
[WhiteFideId "22737197"]
[BlackFideId "4213220"]
[WhiteElo "1861"]
[BlackElo "2154"]
[Result "1-0"]
[Round "03"]
[TimeControl "180+1"]
[Date "2022.02.09"]
[WhiteClock "0:00:08"]
[BlackClock "0:00:01"]

1. d4 Nf6 2. c4 d5 3. Nc3 g6 4. e3 Bg7 5. Nf3 O-O 6. Be2 c5 7. O-O cxd4 8. Nxd4 dxc4 9. Bxc4 a6 10. Qe2 b5 11. Bb3 Bb7 12. Bd2 Nc6 13. Rfd1 Qb6 14. Nxc6 Qxc6 15. f3 e6 16. e4 Nh5 17. Rac1 Bd4+ 18. Be3 Bxe3+ 19. Qxe3 Qe8 20. Qb6 Rb8 21. Qc7 Qc8 22. Ne2 Qxc7 23. Rxc7 Rfc8 24. Rdd7 Rxc7 25. Rxc7 Nf6 26. Nd4 Kf8 27. a3 Ke8 28. Bxe6 fxe6 29. Nxe6 Nd7 30. Ng5 h6 31. Ne6 Ke7 32. Nf4 Kd6 33. Rc3 g5 34. Rd3+ Ke7 35. Ng6+ Kf6 36. Rxd7 Kxg6 37. Rd6+ Kg7 38. b4 Rf8 39. Rb6 Rf7 40. h3 Rd7 41. Kh2 Rc7 42. Kg3 Bc8 43. Kf2 Rc3 44. Rb8 Rc7 45. Ke3 Be6 46. Rb6 Bc8 47. Rb8 Rc1 48. g3 Rc4 49. h4 gxh4 50. gxh4 Kg6 51. Rb6+ Kh5 52. f4 Bg4 53. Rxa6 Kxh4 54. Rxh6+ Bh5 55. Rb6 Rc3+ 56. Kd4 Rxa3 57. Rxb5 Bg4 58. f5 Kg5 59. Rb8 Kf6 60. Rb6+ Kf7 61. Ke5 Ra8 62. b5 Bf3 63. Kf4 Bg2 64. e5 Ra4+ 65. Kg5 Bh3 66. e6+ Ke7 67. Rb7+ Kd6 68. Rd7+ Kc5 69. e7 Re4 70. Rb7 Re5 71. b6 Rxf5+ 72. Kg6 Re5 73. Kf7 Bg2 74. Rb8 1-0


[Site "https://www.chess.com"]

[Event "Late Titled Tuesday Blitz February 8 2022"]
[White "Araujo Filho, Luiz Antonio Coel"]
[Black "Jaskolka, Tomasz"]
[WhiteFideId "2130661"]
[BlackFideId "1170791"]
[WhiteElo "2253"]
[BlackElo "2054"]
[Result "0-1"]
[Round "03"]
[TimeControl "180+1"]
[Date "2022.02.09"]
[WhiteClock "0:01:42"]
[BlackClock "0:01:07"]

1. d4 e6 2. Nf3 Nf6 3. e3 d5 4. Bd3 Bd6 5. Nbd2 c5 6. c3 Nc6 7. Qe2 O-O 8. dxc5 Bxc5 9. e4 dxe4 10. Nxe4 Nxe4 11. Bxe4 h6 12. Bf4 e5 13. Nxe5 Nxe5 14. Bxe5 Re8 15. Bc2 f6 16. Qc4+ Kh8 17. O-O Rxe5 18. Rfe1 Be6 19. Qf4 Qd6 20. Qh4 Rxe1+ 21. Rxe1 Qd2 22. Qe4 Bxf2+ 23. Kh1 Qxe1+ 0-1


[Site "https://www.chess.com"]

[Event "Late Titled Tuesday Blitz February 8 2022"]
[White "Ardila, Oscar Humberto"]
[Black "Goltsev, Dmitry"]
[WhiteFideId "4404742"]
[BlackFideId "24176710"]
[WhiteElo "1898"]
[BlackElo "2273"]
[Result "1/2-1/2"]
[Round "03"]
[TimeControl "180+1"]
[Date "2022.02.09"]
[WhiteClock "0:01:05"]
[BlackClock "0:00:12"]

1. d4 Nf6 2. c4 e6 3. Nc3 Bb4 4. Bd2 b6 5. Nf3 Bb7 6. e3 O-O 7. Be2 d6 8. O-O Nbd7 9. Rc1 a5 10. Nb1 Qe7 11. a3 Bxd2 12. Nbxd2 e5 13. dxe5 dxe5 14. Qc2 Rad8 15. Rfd1 e4 16. Nd4 Ne5 17. Nf1 c5 18. Nf5 Qe6 19. N5g3 g6 20. Qc3 h5 21. h4 Nfg4 22. Nh2 f5 23. Nxg4 hxg4 24. h5 g5 25. Rxd8 Rxd8 26. Rd1 Rxd1+ 27. Bxd1 f4 28. Nf1 f3 29. Qd2 Nd3 30. Bc2 fxg2 31. Kxg2 Qf7 32. Ng3 Qxc4 33. Kg1 Qd5 34. Qc3 Ne5 35. Bb3 c4 36. Bxc4 Nxc4 37. Qf6 Qf7 38. Qxg5+ Kh7 39. Nf5 Ne5 40. Qh6+ Kg8 41. Qg5+ Kh7 42. Qh6+ Kg8 43. Qg5+ Kh8 44. Qh6+ Kg8 1/2-1/2


[Site "https://www.chess.com"]

[Event "Late Titled Tuesday Blitz February 8 2022"]
[White "Avazkhonov, Alikhon"]
[Black "Moreira, Ronaldo Alonso"]
[WhiteFideId "14208504"]
[BlackFideId "2110547"]
[WhiteElo "1739"]
[BlackElo "2037"]
[Result "1-0"]
[Round "03"]
[TimeControl "180+1"]
[Date "2022.02.09"]
[WhiteClock "0:00:02"]
[BlackClock "0:00:01"]

1. c4 Nf6 2. Nc3 e6 3. d4 d5 4. cxd5 exd5 5. Bg5 Be7 6. e3 O-O 7. Bd3 h6 8. Bh4 c6 9. Nf3 Re8 10. O-O Ne4 11. Bxe7 Qxe7 12. Bxe4 dxe4 13. Nd2 Bf5 14. Qc2 Nd7 15. Rab1 Qh4 16. b4 a6 17. Nc4 Qe7 18. d5 Ne5 19. Nxe5 Qxe5 20. dxc6 Rac8 21. b5 axb5 22. Rxb5 Qf6 23. cxb7 Rxc3 24. Qb2 Rb8 25. a4 Bd7 26. Rb6 Rc6 27. Qxf6 Rxf6 28. Rb4 Ra6 29. Ra1 Kf8 30. Rc1 Ra7 31. Rc7 Ke8 32. Rxe4+ 1-0


[Site "https://www.chess.com"]

[Event "Late Titled Tuesday Blitz February 8 2022"]
[White "Bambino Filho, Antonio Carlos"]
[Black "Balaji, Aaravamudhan"]
[WhiteFideId "2113163"]
[BlackFideId "436224"]
[WhiteElo "2441"]
[BlackElo "2085"]
[Result "1-0"]
[Round "03"]
[TimeControl "180+1"]
[Date "2022.02.09"]
[WhiteClock "0:00:11"]
[BlackClock "0:00:05"]

1. d4 Nf6 2. c4 b6 3. f3 Bb7 4. e4 e6 5. Nc3 d5 6. e5 Nfd7 7. cxd5 exd5 8. f4 c5 9. Nf3 Nc6 10. Be3 cxd4 11. Nxd4 Bc5 12. Qd2 O-O 13. Bb5 Rc8 14. Bxc6 Bxc6 15. O-O Bb7 16. Rad1 Nb8 17. Rf3 Bxd4 18. Bxd4 Rc4 19. b3 Rc7 20. Rh3 Bc8 21. Rg3 Bf5 22. Rg5 Bg6 23. Rf1 h6 24. Rg3 Qc8 25. f5 Bxf5 26. Nxd5 Nc6 27. Nxc7 Qxc7 28. Rxf5 Qd7 29. Rf4 Rd8 30. Rxg7+ Kxg7 31. e6+ Qxd4+ 32. Rxd4 Rxd4 33. Qc3 fxe6 34. Qxc6 Kf6 35. Qc3 Ke5 36. Kf2 Kd5 37. Ke3 e5 38. Qc7 Re4+ 39. Kf3 Rf4+ 40. Kg3 Rd4 41. Qxa7 e4 42. Qb7+ Ke5 43. Qe7+ Kd5 44. Kf2 Rd2+ 45. Ke3 Rd3+ 46. Ke2 Rd4 47. Qd7+ Ke5 48. Qb5+ Kf4 49. Qxb6 Rd3 50. Qf6+ Kg4 51. Qg6+ Kf4 52. Qxh6+ Ke5 53. Qg5+ Ke6 54. Qg4+ Ke5 55. Qg5+ Ke6 56. Qg8+ Ke5 57. h4 Rc3 58. Qh8+ 1-0


[Site "https://www.chess.com"]

[Event "Late Titled Tuesday Blitz February 8 2022"]
[White "Barp, Alberto"]
[Black "Baches Garcia, Guillermo"]
[WhiteFideId "872555"]
[BlackFideId "2209764"]
[WhiteElo "2229"]
[BlackElo "2450"]
[Result "1-0"]
[Round "03"]
[TimeControl "180+1"]
[Date "2022.02.09"]
[WhiteClock "0:00:52"]
[BlackClock "0:01:48"]

1. d4 Nf6 2. c4 e6 3. Nf3 d5 4. g3 Be7 5. Bg2 O-O 6. O-O dxc4 7. Ne5 c5 8. dxc5 Qc7 9. Nxc4 Qxc5 10. b3 Rd8 11. Nbd2 Qc7 12. Bb2 Nc6 13. Rc1 Bd7 14. Ne5 Rac8 15. Nxc6 Bxc6 16. Bxc6 bxc6 17. Qc2 h5 18. Nf3 c5 19. Ng5 g6 20. Nxe6 Qd7 21. Nxd8 Bxd8 22. Rfd1 Qh3 23. Rxd8+ 1-0


[Site "https://www.chess.com"]

[Event "Late Titled Tuesday Blitz February 8 2022"]
[White "Bernadskiy, Vitaliy"]
[Black "Sjugirov, Sanan"]
[WhiteFideId "14100371"]
[BlackFideId "4189302"]
[WhiteElo "2473"]
[BlackElo "2602"]
[Result "0-1"]
[Round "03"]
[TimeControl "180+1"]
[Date "2022.02.08"]
[WhiteClock "0:00:50"]
[BlackClock "0:01:17"]

1. e3 d5 2. c4 e6 3. b3 Nf6 4. Bb2 Bd6 5. g4 h6 6. h3 c5 7. Nf3 Nc6 8. d3 d4 9. e4 Nd7 10. h4 Qe7 11. Nbd2 Nde5 12. Nxe5 Bxe5 13. Nf3 Bf4 14. Bc1 Qc7 15. Bh3 Bd7 16. a3 a5 17. Ng1 Bxc1 18. Rxc1 Ne5 19. h5 g5 20. f3 a4 21. Bf1 axb3 22. Qxb3 Qa5+ 23. Kf2 Qxa3 24. Qxb7 Ke7 25. Qc7 f6 0-1


[Site "https://www.chess.com"]

[Event "Late Titled Tuesday Blitz February 8 2022"]
[White "Bernat, David"]
[Black "Kanyamarala, Trisha"]
[WhiteFideId "2099225"]
[BlackFideId "45004722"]
[WhiteElo "2268"]
[BlackElo "2002"]
[Result "1-0"]
[Round "03"]
[TimeControl "180+1"]
[Date "2022.02.09"]
[WhiteClock "0:00:14"]
[BlackClock "0:00:06"]

1. c4 e6 2. e4 d5 3. cxd5 exd5 4. exd5 Nf6 5. Bb5+ Bd7 6. Bc4 Bd6 7. Qe2+ Qe7 8. Qxe7+ Bxe7 9. Nf3 O-O 10. O-O Bd6 11. Nc3 Bg4 12. Nd4 a6 13. h3 Bd7 14. a4 Be5 15. Nf3 Bd6 16. d4 Bf5 17. Ne5 Nbd7 18. g4 Bxe5 19. dxe5 Nxe5 20. Be2 Bd3 21. Bg5 Bxe2 22. Bxf6 Bxf1 23. Bxe5 Bc4 24. Bxc7 Rac8 25. Bb6 f6 26. Rd1 Rf7 27. d6 Rd7 28. a5 Re8 29. Rd4 Bb5 30. Bc7 Bc6 31. Rc4 Re1+ 32. Kh2 Rh1+ 33. Kg3 g5 34. f4 Kf7 35. fxg5 fxg5 36. Rxc6 bxc6 37. Ne4 h6 38. Nc5 Ke8 39. Nxa6 Rg1+ 40. Kf2 Rb1 41. b4 Rxc7 42. dxc7 Kd7 43. Ke3 Kc8 44. Kd4 Rc1 45. Ke5 Kb7 46. Kd6 Rd1+ 47. Kc5 Rd5+ 48. Kc4 Rd7 49. Nc5+ Kxc7 50. Nxd7 Kxd7 51. a6 Kc7 52. Kc5 Kb8 53. Kxc6 h5 54. gxh5 g4 55. hxg4 Ka7 56. Kb5 Ka8 57. Kb6 Kb8 58. h6 Ka8 59. h7 1-0


[Site "https://www.chess.com"]

[Event "Late Titled Tuesday Blitz February 8 2022"]
[White "Bettalli, Francesco"]
[Black "Devagharan, Devina"]
[WhiteFideId "2816453"]
[BlackFideId "2061600"]
[WhiteElo "2216"]
[BlackElo "2221"]
[Result "1-0"]
[Round "03"]
[TimeControl "180+1"]
[Date "2022.02.09"]
[WhiteClock "0:00:20"]
[BlackClock "0:00:05"]

1. d4 d5 2. Nc3 Nf6 3. Bf4 e6 4. Nb5 Bd6 5. Bxd6 cxd6 6. e3 O-O 7. Nf3 Nc6 8. Bd3 e5 9. Be2 Bf5 10. O-O Re8 11. c3 h6 12. a4 Qe7 13. Re1 Rad8 14. Qb3 Na5 15. Qb4 Nc6 16. Qb3 Na5 17. Qa2 Nc6 18. b4 a6 19. Na3 Ne4 20. Qb2 Nf6 21. b5 Nb8 22. bxa6 bxa6 23. Qb6 Ne4 24. Rec1 Rc8 25. c4 dxc4 26. Bxc4 Rc6 27. Bxf7+ Qxf7 28. Rxc6 Nxc6 29. Qxc6 a5 30. Qc4 Be6 31. Qd3 Bf5 32. Qe2 exd4 33. Nxd4 Bg6 34. Nab5 Qe7 35. h3 Rc8 36. Qe1 Qe5 37. Rc1 Rf8 38. f4 Qe7 39. Rc7 Qf6 40. Nc3 Nxc3 41. Qxc3 Bf7 42. Nf3 Qe6 43. Kf2 Re8 44. g4 Qa2+ 45. Kg3 Qxa4 46. Nd4 Qa2 47. Nf5 1-0


[Site "https://www.chess.com"]